 Dungeon Crawl Stone Soup version 0.20.0-15-g7f486f2 (webtiles) character file.

5567 renl the Severer (level 10, -7/91 HPs)
             Began as a Hill Orc Monk on June 29, 2017.
             Mangled by a dream sheep (12 damage)
             ... on level 8 of the Dungeon on June 30, 2017.
             The game lasted 01:02:58 (6728 turns).

renl the Severer (Hill Orc Monk)                    Turns: 6728, Time: 01:02:59

Health: -7/91      AC:  9    Str: 18    XL:     10   Next: 72%
Magic:  10/10      EV: 12    Int: 10    God:
Gold:   383        SH:  0    Dex: 13    Spells: 9/9 levels left

rFire    . . .     SeeInvis .   G - +5 war axe
rCold    . . .     Gourm    +   (no shield)
rNeg     . . .     Faith    .   h - +2 leather armour {MR+}
rPois    +         Spirit   .   (no helmet)
rElec    .         Reflect  .   (no cloak)
rCorr    .         Harm     .   (no gloves)
MR       +....                  a - +0 pair of boots
Stlth    ++........             f - amulet of the gourmand
Regen    0.3/turn               o - +3 ring of protection
MPRegen  0.2/turn               D - ring of poison resistance

@: no status effects
A: no striking features
a: no special abilities


You were on level 8 of the Dungeon.
You were completely stuffed.

You visited 2 branches of the dungeon, and saw 9 of its levels.
You also visited: Ossuary.

You collected 383 gold pieces.

Inventory:

Hand Weapons
 b - a +2 whip of venom
 k - a +2 whip of electrocution
 G - a +5 war axe (weapon)
Armour
 a - a +0 pair of boots (worn)
 h - a +2 leather armour of magic resistance (worn)
Jewellery
 f - an amulet of the gourmand (around neck)
 o - a +3 ring of protection (left hand)
 D - a ring of poison resistance (right hand)
 H - an uncursed ring of positive energy
 J - an uncursed ring of flight
Wands
 d - a wand of acid (2/15)
 K - a wand of enslavement (8/24)
Scrolls
 g - a scroll of enchant armour
 j - a scroll of amnesia {unknown}
 l - a scroll of random uselessness {unknown}
 m - 7 scrolls of remove curse
 n - 3 scrolls of magic mapping {unknown}
 A - 3 scrolls of fear {unknown}
 C - 3 scrolls of blinking {unknown}
 F - a scroll of enchant weapon {unknown}
 L - 2 scrolls of identify
Potions
 e - 2 potions of resistance
 p - a potion of mutation
 q - 2 potions of flight
 s - a potion of curing
 t - 2 potions of agility
 u - a potion of haste
 z - 2 potions of brilliance {unknown}
 B - a potion of berserk rage {unknown}
 E - 3 potions of degeneration {unknown}
Books
 v - a book of Cantrips

   Spells                             Type                      Level
   a - Confusing Touch                Hexes                        1
   b - Animate Skeleton               Necromancy                   1
   c - Summon Small Mammal            Summoning                    1
   d - Apportation                    Translocation                1
 y - a book of Geomancy

   Spells                             Type                      Level
   a - Sandblast                      Earth                        1
   b - Passwall                       Transmutation/Earth          2
   c - Stone Arrow                    Conjuration/Earth            3
   d - Petrify                        Transmutation/Earth          4
   e - Lee's Rapid Deconstruction     Earth                        5
Comestibles
 c - 5 bread rations
 i - 4 chunks of flesh
 r - 4 royal jellies
 w - 4 meat rations
 x - 5 fruits


   Skills:
 + Level 9.1 Fighting
 * Level 16.3 Axes
 + Level 5.3 Armour
 - Level 2.4 Dodging
 - Level 1.5 Stealth


You had 9 spell levels left.
You didn't know any spells.

Dungeon Overview and Level Annotations

Branches:
Dungeon (8/15)             Temple (1/1) D:7
   Lair: D:8-11

Altars:
Ashenzari
Cheibriados
Dithmenos
Elyvilon
Fedhas
Gozag
Hepliaklqana
Kikubaaqudgha
Makhleb
Nemelex Xobeh
Okawaru
Qazlal
Ru
Sif Muna
Trog
Uskayaw
Vehumet
Xom
Yredelemnul
Zin

Shops:
D:4 :   D:6 *}

Annotations:
D:8 Gastronok


Message History

The dream sheep ruffles its wool and motes of dream dust sparkle, to no effect.
The big kobold closely misses you.
You slice the big kobold!!
You kill the big kobold!
You hit the yak. x2; You completely miss the plant.
You slash the plant! The yak closely misses you. The yak gores you!
You barely miss the dream sheep.
You hit the yak. x2; You slash the plant! x2
The yak gores you. The yak gores you but does no damage.
You hit the dream sheep.
The dream sheep is moderately wounded.
You hit the yak. You closely miss the yak. You hit the plant.
You slash the plant!
The dream sheep shake their wool and sparkle.
You feel drowsy...
You fall asleep.
The dream sheep closely misses you. The yak gores you!!!
You wake up.
* * * LOW HITPOINT WARNING * * *
The yak completely misses you.
The dream sheep bites the plant.
The dream sheep bites you!
You die...

#+### #...###########
#...##.....#.%#
#...'#≈..%%'.%#
#....#...PY'..#
#.....≈..YY'..# ###
#...##..%@Y#..# #..
#....#≈.P≈P##+# ...#..
#..).#P≈≈≈≈# ....#..
#....#PP≈P.+ ....#..
#....######## #...#..
#....##.....####+###...#..
#.................##...#..
#......................#..
#....##..........<.....#..


You could see 2 yaks and 2 dream sheep.

Vanquished Creatures
  A two-headed ogre (D:6)
  Pikel (D:6)
  Joseph (D:8)
  Psyche (D:8)
  A hippogriff (D:8)
  Eustachio (D:5)
  A steam dragon (D:7)
  2 hungry ghosts (D:8)
  A water moccasin (D:7)
  3 orc warriors
  3 slaves (D:6)
  4 ogres
  5 ice beasts
  A centaur (D:6)
  2 big kobolds (D:8)
  Blork the orc (D:6)
  5 bullfrogs
  A wyvern zombie (D:7)
  3 water moccasin zombies (Ossuary)
  A scorpion (D:4)
  3 howler monkeys
  2 crimson imps
  3 hounds
  7 orc wizards
  4 orc priests
  An iguana (D:6)
  2 worker ants
  2 big kobold zombies (Ossuary)
  A hound zombie (D:6)
  2 hound skeletons (D:4)
  2 mummies (Ossuary)
  6 gnolls
  8 adders
  3 shadow imps (D:5)
  2 adder zombies (Ossuary)
  3 oozes
  An adder skeleton (D:4)
  3 worms
  A dart slug (D:3)
  5 leopard geckos
  19 orcs
  10 giant cockroaches
  6 gnoll zombies (Ossuary)
  2 goblins
  8 hobgoblins
  6 jackals
  5 quokkas
  A ball python (D:2)
  9 bats
  3 frilled lizards
  A giant cockroach zombie (D:6)
  7 hobgoblin zombies (Ossuary)
  2 jackal zombies
  8 kobolds
  5 kobold zombies (Ossuary)
  2 orc zombies (Ossuary)
  A quokka zombie (D:8)
  6 rats
201 creatures vanquished.

Notes
Turn   | Place    | Note
-------+----------+-------------------------------------------
     0 | D:1      | renl the Hill Orc Monk began the quest for the Orb.
     0 | D:1      | Reached XP level 1. HP: 19/19 MP: 1/1
   104 | D:1      | Reached XP level 2. HP: 23/27 MP: 2/2
   348 | D:1      | Reached skill level 5 in Axes
   389 | D:1      | Reached XP level 3. HP: 33/33 MP: 3/3
   449 | D:2      | Found a sparkling altar of Nemelex Xobeh.
   812 | D:2      | Found a bloodstained altar of Trog.
   815 | D:2      | Found a shattered altar of Ashenzari.
   816 | D:2      | Found a hazy altar of Hepliaklqana.
  1041 | D:3      | Reached XP level 4. HP: 40/40 MP: 4/4
  1158 | D:3      | Reached skill level 6 in Axes
  1192 | D:2      | HP: 2/40 [poisoned by a gnoll]
  1696 | D:4      | Reached skill level 1 in Armour
  1696 | D:4      | Reached XP level 5. HP: 44/47 MP: 5/5
  1704 | D:4      | Reached skill level 7 in Axes
  1708 | D:4      | Reached XP level 6. HP: 29/53 MP: 6/6
  1812 | D:4      | Reached skill level 8 in Axes
  1853 | D:4      | Found a blossoming altar of Fedhas.
  1986 | D:4      | Found Ubopuhol's Book Shoppe.
  2133 | D:4      | Reached XP level 7. HP: 55/60 MP: 7/7
  2253 | D:4      | Reached skill level 9 in Axes
  2307 | D:5      | Entered Level 5 of the Dungeon
  2330 | D:5      | Noticed Eustachio
  2423 | D:5      | Reached skill level 5 in Fighting
  2553 | D:5      | Reached skill level 10 in Axes
  2590 | D:5      | Found a sand-covered staircase.
  2596 | Ossuary  | Entered an ossuary
  2651 | Ossuary  | Reached XP level 8. HP: 55/68 MP: 8/8
  3215 | D:5      | Reached skill level 11 in Axes
  3710 | D:5      | Killed Eustachio
  3792 | D:6      | Reached skill level 12 in Axes
  3862 | D:6      | Found a shimmering altar of Xom.
  3928 | D:6      | Found Qorraen's Gadget Shop.
  3983 | D:6      | Reached XP level 9. HP: 43/75 MP: 9/9
  4032 | D:6      | Noticed Blork the orc
  4057 | D:6      | Killed Blork the orc
  4057 | D:6      | Reached skill level 13 in Axes
  4483 | D:6      | Found Zin's Purification Station.
  4486 | D:6      | Found a glowing silver altar of Zin.
  4647 | D:6      | Noticed a two-headed ogre
  4705 | D:6      | HP: 5/112 [two-headed ogre/dire flail (10)]
  4712 | D:6      | Killed a two-headed ogre
  4712 | D:6      | Reached skill level 14 in Axes
  5125 | D:6      | Noticed Pikel
  5179 | D:6      | Killed Pikel
  5328 | D:7      | Reached XP level 10. HP: 68/86 MP: 10/10
  5466 | D:7      | Reached skill level 15 in Axes
  5597 | D:7      | Found a deep blue altar of Sif Muna.
  5658 | D:7      | Reached skill level 5 in Armour
  5718 | D:7      | Found a staircase to the Ecumenical Temple.
  5728 | Temple   | Entered the Ecumenical Temple
  6216 | D:8      | Noticed Psyche
  6261 | D:8      | Killed Psyche
  6412 | D:8      | Reached skill level 16 in Axes
  6479 | D:8      | Noticed Joseph
  6500 | D:8      | Killed Joseph
  6544 | D:8      | Noticed Gastronok
  6728 | D:8      | Mangled by a dream sheep

Skill      XL: |  1  2  3  4  5  6  7  8  9 10 |
---------------+-------------------------------+-----
Fighting       | 4 5 6 7 9 |  9.1
Axes           | 5 6 7 8 10 12 14 16 | 16.3
Armour         | 1 2 3 4 5 |  5.3
Dodging        | |  2.4
Stealth        | |  1.5

Action                   |  1- 3 |  4- 6 |  7- 9 | 10-12 || total
-------------------------+-------+-------+-------+-------++-------
Melee: Hand axe          |    94 |   113 |   442 |    63 ||   712
       Whip              |       |     2 |       |       ||     2
       War axe           |       |       |       |   114 ||   114
  Use: Scroll            |       |       |    12 |       ||    12
       Potion            |       |       |     4 |     1 ||     5
 Stab: Sleeping          |       |       |     3 |     1 ||     4
  Eat: Chunk             |    11 |     3 |    11 |    12 ||    37
Armor: Ring mail         |     9 |       |       |       ||     9
       Robe              |     2 |       |       |       ||     2
       Chain mail        |    34 |    49 |     3 |       ||    86
       Leather armour    |       |       |    81 |    44 ||   125
       Skin              |       |       |    18 |       ||    18
Dodge: Dodged            |    42 |    43 |   121 |    76 ||   282
